Map: Torri del crepuscolo

Players

MaxPauer - Winner!

  • Race: Protoss Protoss
  • League: Diamond

Jhyrachy

  • Race: Zerg Zerg
  • League: Gold

VOD

Have the link to the VOD?

Description

Time

  • Played on: April 21, 2016, 4:32 p.m.
  • Length: 10:44
Show
View Real Time Build Order
Export as new Build Order

MaxPauer Protoss - Winner!

Build Orders: Nexus First 

Get SALT Encoding   

  12  0:01  Probe (Chrono Boost)  
  13  0:11  Probe (Chrono Boost)  
  14  0:21  Pylon  
  14  0:23  Probe (Chrono Boost)  
  15  0:39  Probe (Chrono Boost)  
  16  0:49  Probe (Chrono Boost)  
  17  1:05  Nexus  
  17  1:13  Gateway  
  17  1:15  Probe (Chrono Boost)  
  18  1:24  Assimilator  
  19  1:25  Probe (Chrono Boost)  
  19  1:36  Probe (Chrono Boost)  
  20  1:42  Assimilator  
  20  1:47  Probe (Chrono Boost)  
  21  1:57  Probe (Chrono Boost)  
  22  2:05  Cybernetics Core  
  22  2:08  Probe (Chrono Boost), Gateway  
  23  2:18  Probe x2 (Chrono Boost)  
  25  2:28  Probe (Chrono Boost)  
  25  2:29  Probe (Chrono Boost)  
  27  2:38  Probe (Chrono Boost)  
  27  2:39  Probe (Chrono Boost)  
  27  2:41  Warp Gate (Chrono Boost)  
  29  2:46  Adept (Chrono Boost)  
  31  2:52  Pylon  
  31  2:55  Adept (Chrono Boost)  
  31  2:58  Probe x2  
  35  3:04  Robotics Facility  
  35  3:11  Adept (Chrono Boost)  
  37  3:14  Probe  
  37  3:15  Probe  
  37  3:19  Adept (Chrono Boost)  
  41  3:31  Twilight Council  
  41  3:32  Probe x2  
  43  3:37  Pylon  
  43  3:43  Pylon  
  43  3:46  Adept (Chrono Boost)  
  45  3:53  Observer  
  45  3:55  Adept (Chrono Boost)  
  48  3:56  Probe x2  
  48  4:01  Assimilator  
  50  4:11  Mothership Core (Chrono Boost)  
  47  4:29  Probe x2 (Chrono Boost)  
  49  4:40  Probe (Chrono Boost)  
  49  4:41  Probe (Chrono Boost)  
  50  4:45  Stalker x2  
  50  4:50  Nexus  
  54  5:04  Gateway  
  54  5:05  Gateway  
  54  5:09  Gateway  
  54  5:18  Probe (Chrono Boost)  
  54  5:19  Probe (Chrono Boost)  
  56  5:33  Probe (Chrono Boost)  
  56  5:35  Probe (Chrono Boost)  
  58  5:44  Probe (Chrono Boost)  
  58  5:47  Probe (Chrono Boost)  
  60  5:56  Probe (Chrono Boost)  
  61  5:58  Probe (Chrono Boost)  
  56  6:04  Immortal (Chrono Boost)  
  56  6:05  Probe (Chrono Boost)  
  55  6:17  Assimilator  
  55  6:22  Probe x2  
  55  6:23  Probe  
  58  6:27  Stalker x2  
  58  6:28  Stalker x3  
  58  6:32  Probe x2  
  68  6:35  Probe  
  68  6:39  Immortal (Chrono Boost)  
  75  6:42  Pylon  
  75  6:43  Pylon  
  75  6:46  Pylon  
  75  6:56  Pylon  
  75  6:58  Pylon  
  75  7:03  Forge x2  
  75  7:04  Probe x2  
  75  7:05  Probe  
  78  7:12  Adept x3  
  78  7:13  Adept x2  
  78  7:14  Immortal (Chrono Boost)  
  92  7:25  Pylon  
  92  7:27  Pylon  
  92  7:29  Pylon  
  92  7:31  Probe x2  
  92  7:32  Probe  
  95  7:37  Adept x4  
  95  7:38  Adept  
  95  7:43  Gateway  
  95  7:44  Probe x2  
  105  7:45  Probe, Immortal (Chrono Boost)  
  105  7:47  Assimilator, Gateway  
  112  7:53  Assimilator  
  112  7:56  Protoss Ground Weapons Level 1 (Chrono Boost), Protoss Ground Armor Level 1 (Chrono Boost)  
  112  8:00  Robotics Bay  
  112  8:09  Stalker  
  112  8:10  Stalker x3  
  120  8:20  Immortal  
  120  8:23  Probe x3  
  127  8:32  Robotics Facility  
  127  8:48  Adept x2  
  129  8:49  Adept x3  
  137  9:10  Adept  
  137  9:11  Adept  
  137  9:16  Pylon  
  137  9:17  Pylon  
  141  9:19  Pylon  
  141  9:21  Pylon  
  141  9:22  Pylon  
  141  9:23  Pylon  
  141  9:34  Probe x3  
  136  9:46  Probe x2  
  130  10:26  Stalker x3  
  130  10:27  Stalker x4  
Show
View Real Time Build Order
Export as new Build Order

Jhyrachy Zerg 

Build Orders: Hatch First 

Get SALT Encoding   

  12  0:01  Drone  
  13  0:08  Drone  
  14  0:17  Overlord  
  14  0:36  Drone x3  
  17  0:56  Hatchery, Drone  
  17  1:03  Drone  
  18  1:07  Extractor  
  18  1:09  Drone  
  18  1:22  Spawning Pool  
  17  1:25  Drone  
  17  1:32  Drone  
  19  1:42  Overlord  
  19  2:09  Metabolic Boost  
  19  2:12  Drone, Zergling x4  
  22  2:16  Queen  
  22  2:18  Queen  
  26  2:38  Evolution Chamber  
  26  2:39  Drone  
  26  2:45  Drone  
  26  2:46  Drone x3  
  30  2:57  Zergling x4  
  32  3:10  Zergling x6  
  32  3:12  Zerg Melee Weapons Level 1  
  35  3:24  Zergling x2  
  35  3:25  Overlord  
  36  3:59  Queen  
  36  4:01  Drone  
  36  4:02  Drone x4  
  43  4:03  Drone  
  38  4:31  Roach Warren  
  36  4:41  Zergling x4  
  38  4:47  Hatchery  
  37  5:06  Overlord  
  37  5:07  Overlord  
  37  5:14  Extractor  
  37  5:19  Overlord x3  
  36  5:25  Roach  
  37  5:38  Roach x9  
  41  5:57  Roach  
  41  5:58  Roach x3  
  40  6:16  Drone  
  40  6:17  Drone x6  
  47  6:27  Queen  
  49  6:37  Drone x6  
  53  6:54  Extractor  
  53  6:56  Drone x2  
  53  6:57  Drone  
  55  7:20  Drone  
  55  7:21  Drone x3  
  59  7:26  Drone x6  
  59  7:29  Overlord  
  65  7:57  Queen  
  67  7:58  Drone x2  
  67  7:59  Drone x2  
  71  8:12  Overlord  
  71  8:13  Overlord x2  
  71  8:14  Drone x2  
  73  8:39  Overlord  
  73  8:41  Drone x4  
  75  8:42  Drone  
  75  8:43  Drone x4  
  75  8:44  Drone  
  75  8:45  Drone  
  75  8:46  Drone x3  
  87  9:08  Ravager x7  
  87  9:09  Ravager x5  
  99  9:14  Ravager  
  100  9:21  Overlord x2  
  100  9:23  Zergling x12  
  89  9:52  Zergling x10  
  71  9:53  Zergling x14  
  68  10:08  Spine Crawler  
  68  10:09  Spine Crawler  
  68  10:10  Spine Crawler  
  68  10:11  Spine Crawler  
Tags
 
Add a new tag
Caveats
  • Supply blocks, unpowered buildings, or Contaminate may cause inaccurate times.
  • Supply counts are checked every 10 seconds.